 Dungeon Crawl Stone Soup version 0.23.2-33-g5129a83184 (webtiles) character file.

Game seed: 3108848472927441443

2424 Joat the Cleaver (level 9, -14/78 HPs)
             Began as a Hill Orc Fighter on July 5, 2019.
             Was an Elder of Elyvilon.
             Killed from afar by Erica (22 damage)
             ... with an orb of energy
             ... on level 7 of the Dungeon.
             The game lasted 00:19:52 (6330 turns).

Joat the Cleaver (Hill Orc Fighter)                 Turns: 6330, Time: 00:19:53

Health: -14/78     AC: 15    Str: 19    XL:     9   Next: 48%
Magic:  13/13      EV:  6    Int: 10    God:    Elyvilon [****..]
Gold:   371        SH: 11    Dex: 15    Spells: 8/8 levels left

rFire    . . .     SeeInvis .   a - +0 war axe
rCold    . . .     Gourm    .   c - +0 shield
rNeg     . . .     Faith    +   e - +0 chain mail
rPois    .         Spirit   .   v - +0 helmet
rElec    .         Reflect  .   (no cloak)
rCorr    .         Harm     .   y - +0 pair of gloves
MR       +....                  (no boots)
Stlth    ..........             w - amulet of faith
HPRegen  0.23/turn              r - ring of protection from magic
MPRegen  0.13/turn              (no ring)

@: lethally poisoned (-14 -> -15)
A: slimy green scales 1, thin skeletal structure 1, clever 1, shaggy fur 1
a: Lesser Healing, Heal Other, Purification, Greater Healing, Divine Protection,
Renounce Religion


You were on level 7 of the Dungeon.
You worshipped Elyvilon.
Elyvilon was greatly pleased with you.
You were not hungry.

You visited 2 branches of the dungeon, and saw 9 of its levels.

You collected 371 gold pieces.

Inventory:

Hand Weapons
 a - a +0 war axe (weapon)
 b - a +0 dagger of venom
 h - a cursed -3 dagger
Armour
 c - a +0 shield (worn)
 e - a +0 chain mail (worn)
 v - a +0 helmet (worn)
 y - a +0 pair of gloves (worn)
 A - the +4 leather armour "Emeteil" {rF- rC++ rCorr Stlth+}
   (You found it on level 6 of the Dungeon)

   It makes you vulnerable to fire.
   It greatly protects you from cold.
   It provides partial protection from all sources of acid and corrosion.
   It makes you more stealthy.
Jewellery
 p - an uncursed amulet of guardian spirit
 r - a ring of protection from magic (left hand)
 w - an amulet of faith (around neck)
Wands
 z - a wand of iceblast (20)
Scrolls
 g - 2 scrolls of teleportation {unknown}
 i - a scroll of enchant armour {unknown}
 j - 3 scrolls of magic mapping {unknown}
 k - 10 scrolls of identify {unknown}
 l - a scroll of noise {unknown}
 m - a scroll of amnesia {unknown}
 n - 3 scrolls of random uselessness {unknown}
 o - 3 scrolls of remove curse {unknown}
 q - 2 scrolls of immolation {unknown}
 s - 2 scrolls of fear {unknown}
 t - a scroll of enchant weapon {unknown}
Potions
 d - 2 potions of might
 u - a potion of curing {unknown}
 x - 3 potions of brilliance {unknown}
 B - a potion of agility
 C - a potion of haste {unknown}
 D - a potion of flight {unknown}
 E - a potion of heal wounds
Comestibles
 f - 15 rations


   Skills:
 + Level 6.6 Fighting
 * Level 9.3 Axes
 + Level 6.1 Armour
 * Level 8.1 Shields
 * Level 5.5 Invocations


You had 8 spell levels left.
You didn't know any spells.
Your spell library contained the following spells:

 Spells                   Type           Power        Failure   Level  Hunger
 Magic Dart               Conj           #...         100%        1    ##.....


Dungeon Overview and Level Annotations

Branches:
Dungeon (8/15)             Temple (1/1) D:4
   Lair: D:8-11

Altars:
Ashenzari
Cheibriados
Elyvilon
Fedhas
Gozag
Kikubaaqudgha
Makhleb
Nemelex Xobeh
Okawaru
Qazlal
Ru
Sif Muna
Trog
Uskayaw
Vehumet
Wu Jian
Xom
The Shining One

Annotations:
D:7 Erica


Innate Abilities, Weirdness & Mutations

You are partially covered in slimy green scales. (AC +2)
You have a somewhat thin skeletal structure. (Dex +2, Stealth)
Your mind is acute. (Int +2)
You are covered in fur. (AC +1)


Message History

You miss something.
You feel sick. Something hits you.
* * * LOW HITPOINT WARNING * * *
Something burns you.
* * * LOW HITPOINT WARNING * * *
You slash something! Something hits you.
* * * LOW HITPOINT WARNING * * *
Something burns you.
* * * LOW HITPOINT WARNING * * *
Your shield prevents you from hitting something.
You closely miss something.
You feel sick. Something hits you but does no damage.
You closely miss something. Something hits you.
* * * LOW HITPOINT WARNING * * *
Something burns you.
* * * LOW HITPOINT WARNING * * *
You closely miss something.
You feel sick.
You hear some strange, mumbled words.
An orb of energy appears from out of thin air!
The orb of energy hits you!!
You die...

# # ### ### ########.## ###
##.# .........^########
##.###.## ##..###.(##...#..#
##.....## ### ##......####...##
##..##.#####.#
##............####..###...##.##
##.....#####..@....####.##..##
#..##### ##..{..## #..#####
##.## ##....# #.## ##.## #>...#
#..# ..## ##...# ##.## # .##
####### ##### ##.###### ##
#.....## ##..##.. # ##.###..##
##[.... #.## ##..# #######....#


There were no monsters in sight!

Vanquished Creatures
  Eustachio (D:6)
  A steam dragon (D:7)
  Menkaure (D:6)
  An ice beast (D:6)
  A sky beast (D:7)
  A necrophage (D:5)
  An ogre (D:5)
  A centaur (D:6)
  Blork the orc (D:6)
  2 bullfrogs (D:6)
  A gnoll sergeant (D:6)
  3 scorpions
  3 wights (D:6)
  4 howler monkeys
  A crimson imp (D:2)
  2 centaur zombies
  3 hounds
  2 bullfrog skeletons (D:6)
  An iguana (D:5)
  A jelly (D:5)
  2 orc priests (D:3)
  Natasha (thrice) (D:2)
  2 orc wizards
  2 worker ants
  A hound zombie (D:6)
  A hound skeleton (D:5)
  2 worker ant zombies (D:6)
  Robin (D:3)
  4 gnolls (D:6)
  A howler monkey skeleton (D:5)
  10 adders
  2 shadow imps
  An adder skeleton (D:4)
  A worm (D:2)
  2 dart slugs
  5 leopard geckos
  15 orcs
  11 bats
  8 giant cockroaches
  12 hobgoblins
  7 jackals
  6 quokkas
  4 ball pythons
  4 frilled lizards
  A giant cockroach zombie (D:6)
  17 goblins
  A jackal zombie (D:7)
  16 kobolds
  2 leopard gecko skeletons
  2 quokka skeletons
  8 rats
186 creatures vanquished.

Notes
Turn   | Place    | Note
-------+----------+-------------------------------------------
     0 | D:1      | Joat the Hill Orc Fighter began the quest for the Orb.
     0 | D:1      | Reached XP level 1. HP: 19/19 MP: 1/1
    34 | D:1      | Reached skill level 3 in Axes
   106 | D:1      | Reached XP level 2. HP: 25/27 MP: 2/2
   249 | D:1      | Reached XP level 3. HP: 27/33 MP: 3/3
   670 | D:2      | Reached skill level 4 in Axes
   670 | D:2      | Reached XP level 4. HP: 34/40 MP: 4/4
   898 | D:2      | Found a white marble altar of Elyvilon.
   903 | D:2      | Became a worshipper of Elyvilon the Healer
   950 | D:2      | Noticed Natasha
   960 | D:2      | Killed Natasha
   960 | D:2      | Reached XP level 5. HP: 26/47 MP: 5/5
  1267 | D:2      | Noticed Natasha
  1273 | D:2      | Killed Natasha
  1313 | D:2      | Noticed Natasha
  1341 | D:2      | Killed Natasha
  1825 | D:3      | Reached skill level 5 in Axes
  1825 | D:3      | Reached XP level 6. HP: 35/53 MP: 6/6
  1831 | D:3      | Reached skill level 5 in Shields
  2055 | D:3      | Found an iron altar of Okawaru.
  2189 | D:3      | Found a sparkling altar of Nemelex Xobeh.
  2316 | D:3      | You fall through a shaft for 3 floors!
  2322 | D:5      | Entered Level 5 of the Dungeon
  2343 | D:5      | Found an ornate altar of the Wu Jian Council.
  2343 | D:5      | Reached * piety under Elyvilon
  2421 | D:4      | Reached skill level 5 in Fighting
  2421 | D:4      | Reached XP level 7. HP: 45/61 MP: 5/7
  2435 | D:4      | Reached skill level 6 in Axes
  2719 | D:3      | Noticed Robin
  2760 | D:3      | Killed Robin
  2938 | D:4      | Found a staircase to the Ecumenical Temple.
  2948 | Temple   | Entered the Ecumenical Temple
  3082 | D:4      | Reached ** piety under Elyvilon
  3621 | D:5      | Reached skill level 7 in Axes
  3825 | D:5      | Reached skill level 5 in Armour
  4045 | D:6      | Noticed Blork the orc
  4046 | D:6      | Reached skill level 1 in Invocations
  4046 | D:6      | Reached XP level 8. HP: 60/69 MP: 8/8
  4052 | D:6      | Noticed Menkaure
  4057 | D:6      | Gained mutation: You have sharp toenails. [potion of
                  | mutation]
  4057 | D:6      | Gained mutation: You are occasionally teleported next to
                  | monsters. [potion of mutation]
  4057 | D:6      | Gained mutation: You have a somewhat thin skeletal
                  | structure. (Dex +2, Stealth) [potion of mutation]
  4058 | D:6      | Lost mutation: You have sharp toenails. [potion of
                  | mutation]
  4058 | D:6      | Lost mutation: You are occasionally teleported next to
                  | monsters. [potion of mutation]
  4058 | D:6      | Gained mutation: You are covered in fur. (AC +1) [potion of
                  | mutation]
  4058 | D:6      | Gained mutation: Your mind is acute. (Int +2) [potion of
                  | mutation]
  4058 | D:6      | Gained mutation: You are partially covered in slimy green
                  | scales. (AC +2) [potion of mutation]
  4063 | D:6      | Killed Menkaure
  4073 | D:6      | Killed Blork the orc
  4073 | D:6      | Noticed Eustachio
  4075 | D:6      | Reached skill level 8 in Axes
  4145 | D:6      | Killed Eustachio
  4145 | D:6      | Reached XP level 9. HP: 41/75 MP: 10/12
  4547 | D:6      | Reached skill level 9 in Axes
  4547 | D:6      | Reached skill level 5 in Invocations
  4757 | D:6      | Reached *** piety under Elyvilon
  4957 | D:6      | Found a stormy altar of Qazlal.
  5032 | D:6      | Got a faintly humming leather armour
  5043 | D:6      | Identified the +4 leather armour "Emeteil" {rF- rC++ rCorr
                  | Stlth+} (You found it on level 6 of the Dungeon)
  5286 | D:7      | Found an ancient bone altar of Kikubaaqudgha.
  5294 | D:7      | Found a deep blue altar of Sif Muna.
  5296 | D:7      | Found a radiant altar of Vehumet.
  5299 | D:7      | Identified Vehumet's Guide on Attacks
  5324 | D:7      | Reached **** piety under Elyvilon
  5979 | D:7      | Found a shattered altar of Ashenzari.
  6293 | D:8      | Noticed Erica
  6330 | D:7      | Killed from afar by Erica

Skill      XL: |  1  2  3  4  5  6  7  8  9 |
---------------+----------------------------+-----
Axes           | 3 4 5 7 8 9 |  9.3
Fighting       | 4 5 6 |  6.6
Shields        | 4 5 6 7 8 |  8.1
Armour         | 4 5 6 |  6.1
Invocations    | 1 4 5 |  5.5

Action                   |  1- 3 |  4- 6 |  7- 9 || total
-------------------------+-------+-------+-------++-------
Melee: War axe           |    67 |   239 |   318 ||   624
       Dagger            |    34 |       |       ||    34
  Use: Potion            |       |       |     4 ||     4
  Eat: Chunk             |       |     6 |    10 ||    16
       Ration            |       |       |     1 ||     1
Armor: Scale mail        |     6 |       |       ||     6
       Chain mail        |    74 |   121 |   234 ||   429
Dodge: Dodged            |    33 |    55 |    71 ||   159
Block: Shield            |    47 |   130 |   199 ||   376
